 Dungeon Crawl Stone Soup version 0.20.0-15-g7f486f2 (webtiles) character file.

217 Naow the Magician (level 5, -3/28 HPs)
             Began as a Deep Elf Fire Elementalist on June 13, 2017.
             Slain by a phantom (9 damage)
             ... on level 4 of the Dungeon.
             The game lasted 00:03:49 (3765 turns).

Naow the Magician (Deep Elf Fire Elementalist)      Turns: 3765, Time: 00:03:50

Health: -3/28      AC:  2    Str:  5    XL:     5   Next: 61%
Magic:  5/14       EV: 13    Int: 24    God:
Gold:   49         SH:  0    Dex: 15    Spells: 4/14 levels left

rFire    . . .     SeeInvis .   u - +1 whip (venom)
rCold    . . .     Gourm    .   (no shield)
rNeg     . . .     Faith    +   a - +0 robe
rPois    .         Spirit   .   (no helmet)
rElec    .         Reflect  .   (no cloak)
rCorr    .         Harm     .   (no gloves)
MR       .....                  (no boots)
Stlth    ++........             e - amulet of faith
Regen    0.1/turn               p - +3 ring of intelligence
MPRegen  0.2/turn               (no ring)

@: very slightly contaminated
A: no striking features
a: no special abilities


You were on level 4 of the Dungeon.
You were very hungry.

You visited 1 branch of the dungeon, and saw 4 of its levels.

You collected 49 gold pieces.

Inventory:

Hand Weapons
 u - a +1 whip of venom (weapon)
Armour
 a - a +0 robe (worn)
Jewellery
 e - an amulet of faith (around neck)
 l - an uncursed amulet of faith
 p - a +3 ring of intelligence (left hand)
Wands
 q - a wand of flame (13/48)
 x - a wand of confusion (20/48)
Scrolls
 h - a scroll of magic mapping {unknown}
 j - 6 scrolls of identify {unknown}
 k - a scroll of blinking {unknown}
 m - 2 scrolls of remove curse {unknown}
 s - a scroll of fear {unknown}
 v - a scroll of enchant armour {unknown}
 w - a scroll of amnesia {unknown}
Potions
 d - a potion of ambrosia {unknown}
 g - a potion of berserk rage {unknown}
 i - 3 potions of degeneration {unknown}
 n - a potion of haste {unknown}
 r - 2 potions of curing {unknown}
 t - a potion of lignification {unknown}
 z - a potion of resistance {unknown}
Books
 b - a book of Flames

   Spells                             Type                      Level
   a - Flame Tongue                   Conjuration/Fire             1
   b - Throw Flame                    Conjuration/Fire             2
   c - Conjure Flame                  Conjuration/Fire             3
   d - Inner Flame                    Hexes/Fire                   3
   e - Sticky Flame                   Conjuration/Fire             4
   f - Fireball                       Conjuration/Fire             5
Comestibles
 c - 3 bread rations
 f - a meat ration
 o - 2 royal jellies


   Skills:
 - Level 2.4 Dodging
 - Level 2.4 Stealth
 + Level 5.0 Spellcasting
 + Level 3.9 Conjurations
 + Level 4.7 Fire Magic


You had 4 spell levels left.
You knew the following spells:

 Your Spells              Type           Power        Failure   Level  Hunger
a - Flame Tongue          Conj/Fire      ####.        1%          1    None
b - Throw Flame           Conj/Fire      ####..       2%          2    None
c - Conjure Flame         Conj/Fire      ####....     4%          3    ##.....
d - Sticky Flame          Conj/Fire      ####....     14%         4    ####...


Dungeon Overview and Level Annotations

Branches:
Dungeon (4/15)
 Temple: D:4-7

Altars:

Annotations:
D:4 Darkell's ghost, amateur FeTm


Message History

The phantom hits you.
Casting: Flame Tongue
Confirm with . or Enter, or press ? or * to list all spells.
Aiming: Flame Tongue
Press: ? - help, Shift-Dir - straight line, f/p - phantom
Aim: a phantom (severely damaged)
The flame tongue misses the phantom.
Darkell's ghost turns its malevolent gaze towards you.
The phantom hits you!
* * * LOW HITPOINT WARNING * * *
There are monsters nearby!
Casting: Flame Tongue
Confirm with . or Enter, or press ? or * to list all spells.
Aiming: Flame Tongue
Press: ? - help, Shift-Dir - straight line, f/p - phantom
Aim: a phantom (severely damaged)
The flame tongue hits the phantom.
The phantom is almost destroyed.
The phantom hits you!
You die...

#.....#........... #.
#.#...#........#####<
##..............†.....
#......W.......#######
#..............#
###................#
$.........#.##...###.#
#.###...#.#.###### .#
#..##@#.# . #...W...#
# ###.....# #.....#
#..%..# #.....#
......# ..####.#


You could see a phantom and Darkell's ghost.

Vanquished Creatures
  A scorpion (D:4)
  An orc wizard (D:3)
  3 gnolls (D:3)
  2 adders (D:3)
  2 oozes
  A worm (D:3)
  A dart slug (D:1)
  2 leopard geckos
  9 orcs
  5 bats
  5 giant cockroaches
  5 goblins
  11 hobgoblins
  3 jackals (D:3)
  7 kobolds
  A quokka (D:2)
  A ball python (D:1)
  3 frilled lizards
  2 rats
65 creatures vanquished.

Notes
Turn   | Place    | Note
-------+----------+-------------------------------------------
     0 | D:1      | Naow the Deep Elf Fire Elementalist began the quest for the Orb.
     0 | D:1      | Reached XP level 1. HP: 10/10 MP: 6/6
   250 | D:1      | Reached XP level 2. HP: 15/15 MP: 6/8
   756 | D:1      | Reached XP level 3. HP: 19/19 MP: 8/10
  1906 | D:3      | Reached skill level 4 in Spellcasting
  2169 | D:3      | Reached XP level 4. HP: 24/24 MP: 9/12
  2814 | D:3      | Reached XP level 5. HP: 28/28 MP: 8/13
  2819 | D:3      | Learned a level 2 spell: Throw Flame
  2823 | D:3      | Learned a level 3 spell: Conjure Flame
  2828 | D:3      | Learned a level 4 spell: Sticky Flame
  3363 | D:4      | Noticed Darkell's ghost (amateur FeTm)
  3691 | D:4      | Reached skill level 5 in Spellcasting
  3752 | D:4      | Noticed a phantom
  3765 | D:4      | Slain by a phantom

Skill      XL: |  1  2  3  4  5 |
---------------+----------------+-----
Conjurations   | 2 3 |  3.9
Fire Magic     | 4 |  4.7
Spellcasting   | 4 5 |  5.0
Dodging        | |  2.4
Stealth        | |  2.4

Action                   |  1- 3 |  4- 6 || total
-------------------------+-------+-------++-------
Melee: Unarmed           |    13 |       ||    13
 Cast: Flame Tongue      |    73 |    61 ||   134
       Throw Flame       |       |     3 ||     3
  Eat: Chunk             |     4 |     3 ||     7
Armor: Robe              |     7 |       ||     7
Dodge: Dodged            |    28 |    11 ||    39
